Unix NetHack Version 5.0.0-0 post-release - last build May  4 2026 22:22:43 (774f63e81ad911689b3a0859ea89b322d5daca8d,branch:main).

Game began 2026-05-06 11:17:41, ended 2026-05-06 12:02:03.

08245982402, lawful male human Samurai

                                                                     --
                                                                -----.##`
                                                                |......#
                     #`                                  ---   --.--...|
                     ##@-....-...-----...--------------- |.-----..| ----
                     ".a...............................---....|..--
                     #......*....----...----.---.-----....--....--
                                                     ----........
                                                        ------...
                                                             |...
                                                             -.....
                                                            -..........|
                            .                               `.........!.
                           ..G                              -....|.....-
                           ..G                              --..-
                           ....                              ----
                            .....
                             .|. .
                                -

08245982402 the Ronin  St:13 Dx:17 Co:17 In:11 Wi:7 Ch:10  Lawful
Dlvl:5  $:31 HP:0(41) Pw:11(11) AC:2  Xp:4 T:2042 

Latest messages:
 The gnome lord hits!
 You hit the gnome lord.
 The gnome lord hits!
 You hit the gnome lord.
 The gnome lord hits!
 You kill the gnome lord!
 p - a violet gem (2 in total).
 r - 2 rocks (3 in total).
 You are carrying too much to get through.
 You are carrying too much to get through.
 You swap places with Hachi.
 You swap places with Hachi.
 You hear some noises in the distance.
 You hear a chugging sound.
 You hear crashing rock.
 The giant ant misses!
 The giant ant misses!
 The giant ant misses!
 You hit the giant ant.
 The giant ant bites!
 What do you want to wear? [m or ?*] m
 The giant ant bites!
 The giant ant bites!
 You finish your dressing maneuver.
 What do you want to throw? [$abdhikqD or ?*] a
 In what direction? 2
 The katana misses the giant ant.
 The giant ant just misses!
 You hear crashing rock.
 You miss the giant ant.
 The giant ant bites!
 You miss the giant ant.
 The giant ant bites!
 You miss the giant ant.
 What do you want to throw? [$bdhikqD or ?*] h
 In what direction? 2
 The arrow misses the giant ant.
 The giant ant bites!
 You miss the giant ant.
 The giant ant misses!
 You miss the giant ant.
 The giant ant bites!
 You hit the giant ant.
 The giant ant bites!
 You die...
 Do you want your possessions identified? [ynq] (y) y
 Do you want to see your attributes? [ynq] (y) y
 Do you want an account of creatures vanquished? [ynaq] (y) y
 Do you want to see your conduct and achievements? [ynq] (y) y
 Do you want to see the dungeon overview? [ynq] (y) y

Inventory:
 Coins    ('$')
  $ - 31 gold pieces
 Weapons  (')')
  h - 7 cursed +0 arrows
  D - 7 +0 elven arrows
  d - 30 +0 ya (in quiver)
  c - a +0 yumi (weapon in right hand)
  i - 10 +0 darts
  k - 4 +0 daggers
  q - a +0 elven dagger
  b - a corroded +0 wakizashi
 Armor    ('[')
  m - an uncursed +0 orcish helm (being worn)
  C - an uncursed +0 pair of water walking boots (being worn)
  e - an uncursed rustproof +0 splint mail (being worn)
 Comestibles  ('%')
  j - an uncursed gunyoki
  x - an uncursed lembas wafer
 Scrolls  ('?')
  B - an uncursed scroll of destroy armor
  o - an uncursed scroll of identify
  l - an uncursed scroll of remove curse
  g - an uncursed scroll of taming
 Potions  ('!')
  v - a cursed potion of sake
  s - a potion of holy water
 Tools    ('(')
  f - an uncursed blindfold
  n - an uncursed magic whistle
  z - an uncursed skeleton key
 Gems/Stones  ('*')
  A - an uncursed topaz stone
  p - 2 uncursed worthless pieces of violet glass
  r - 3 uncursed rocks

08245982402 the Samurai's attributes:

Background:
 You were a Ronin, a level 4 male human Samurai.
 You were lawful, nominally on a mission for Amaterasu Omikami
 who was opposed by Raijin (neutral) and Susanowo (chaotic).
 You were right-handed.
 You were in the Gnomish Mines, on level 5.
 You entered the dungeon 2042 turns ago.
 You had 107 experience points, 53 more were needed to attain level 5.

Basics:
 You had 0 out of 41 hit points.
 You had all 11 energy points (spell power).
 Your armor class was 2.
 Your wallet contained 31 zorkmids.
 Autopickup was off.

Final Characteristics:
 Your strength was 13 (limit:18/100).
 Your dexterity was 17 (limit:18).
 Your constitution was 17 (peak:18, limit:18).
 Your intelligence was 11 (limit:18).
 Your wisdom was 7 (limit:18).
 Your charisma was 10 (limit:18).

Final Status:
 You weren't hungry.
 You were unencumbered.
 You were wielding a bow.
 You had basic skill with bow.

Final Attributes:
 You were devoutly aligned.
 You could walk on water.
 You were warded.
 You were fast.
 You are dead.

Miscellaneous:
 You didn't encounter any bones levels.
 Total elapsed playing time was 44 minutes and 11 seconds.

Major events:
 Turn
    1: 08245982402 the lawful male human Samurai entered the dungeon
 1252: attained the rank of Ronin (level 3)
 1894: entered the Gnomish Mines
 2042: killed by a giant ant

You didn't know any spells.

Skills:
 Fighting Skills
   martial arts      [Basic]
   two weapon combat [Unskilled]
   riding            [Unskilled]
 Weapon Skills
   dagger            [Unskilled]
   knife             [Unskilled]
   short sword       [Basic]
   broadsword        [Unskilled]
   long sword        [Basic]
   two-handed sword  [Unskilled]
   saber             [Unskilled]
   flail             [Unskilled]
   quarterstaff      [Unskilled]
   polearms          [Unskilled]
   spear             [Unskilled]
   lance             [Unskilled]
   bow               [Basic]
   shuriken          [Unskilled]
 Spellcasting Skills
   attack spells     [Unskilled]
   divination spells [Unskilled]
   clerical spells   [Unskilled]

Voluntary challenges:
 Character rerolling was not enabled.
 You were an atheist.
 You were illiterate.
 You never genocided any monsters.
 You never polymorphed an object.
 You never changed form.
 You used no wishes.
Achievements:
 You entered a shop.
 You attained the rank of Ronin.
 You entered the Gnomish Mines.

 The Dungeons of Doom: levels 1 to 4
    Level 1:
       A fountain.
    Level 2:
       A general store.
    Level 3:
       An armor shop, a sink.
    Level 4:
       Stairs down to The Gnomish Mines.
 The Gnomish Mines:
    Level 5: <- You were here.
       Final resting place for
          you, killed by a giant ant.


Vanquished creatures:
  3 gnome leaders
  a giant bat
 an iguana
  2 acid blobs
  a hobbit
  a hobgoblin
  a giant rat
  a cave spider
  2 red molds
  4 gnomes
  3 geckos
  3 jackals
  a kobold
  a goblin
  2 sewer rats
  6 grid bugs
  2 lichens
  2 kobold zombies
  4 newts
41 creatures vanquished.

No species were genocided or became extinct.

Game over:
                       ----------
                      /          \
                     /    REST    \
                    /      IN      \
                   /     PEACE      \
                  /                  \
                  |   08245982402    |
                  |      31 Au       |
                  |   killed by a    |
                  |    giant ant     |
                  |                  |
                  |                  |
                  |       2026       |
                 *|     *  *  *      | *
        _________)/\\_//(\/(/\)/\//\/|_)_______

Sayonara 08245982402 the Samurai...

You died in The Gnomish Mines on dungeon level 5 with 656 points,
and 31 pieces of gold, after 2042 moves.
You were level 4 with a maximum of 41 hit points when you died.

